 Dungeon Crawl Stone Soup version 0.28-a0-413-gde365fb1df (webtiles) character file.

Game seed: 13186594852771023270

176 SkeletonJelly the Firebug (level 5, -2/31 HPs)
             Began as a Deep Elf Cinder Acolyte on Sept 8, 2021.
             Was a High Priest of Ignis.
             Killed by divine providence
             ... invoked by an orc priest
              (13 damage)
             ... on level 3 of the Dungeon.
             The game lasted 00:05:44 (3329 turns).

SkeletonJelly the Firebug (Deep Elf Cinder Acolyte) Turns: 3329, Time: 00:05:44

Health: -2/31      AC:  5    Str: 12    XL:     5   Next: 30%
Magic:  1/12       EV: 11    Int: 19    God:    Ignis [*****.]
Gold:   73         SH:  0    Dex: 10    Spells: 9/11 levels left

rFire   + . .      SeeInvis .   a - -1 falchion (flame)
rCold   . . .      Faith    .   (no shield)
rNeg    . . .      Spirit   .   b - +0 robe
rPois   .          Reflect  .   p - +0 helmet
rElec   .          Harm     .   c - +0 cloak
rCorr   +          Rampage  .   (no gloves)
Will    .....                   l - +0 pair of boots
Stlth   +.........              (no amulet)
HPRegen 0.10/turn               g - ring of resist corrosion
MPRegen 0.13/turn               o - ring of wizardry

@: no status effects
A: no striking features
a: Renounce Religion, Sea of Fire, Foxfire Swarm, Rising Flame


You were on level 3 of the Dungeon.
You worshipped Ignis.
Ignis was extremely pleased with you.
You visited 1 branch of the dungeon, and saw 3 of its levels.

You collected 73 gold pieces.

Inventory:

Hand Weapons
 a - a -1 falchion of flaming (weapon)
Armour
 b - a +0 robe (worn)
 c - a +0 cloak (worn)
 l - a +0 pair of boots (worn)
 p - a +0 helmet (worn)
Jewellery
 g - a ring of resist corrosion (left hand)
 o - a ring of wizardry (right hand)
Scrolls
 d - a scroll of vulnerability {unknown}
 e - 3 scrolls of identify {unknown}
 f - 4 scrolls of fog {unknown}
 h - a scroll of fear {unknown}
 j - 2 scrolls of teleportation {unknown}
 m - a scroll of noise {unknown}
 r - a scroll of enchant weapon {unknown}
Potions
 i - a potion of degeneration {unknown}
 k - a potion of flight {unknown}
 n - a potion of curing {unknown}
 q - 2 potions of heal wounds {unknown}


   Skills:
 - Level 2.4 Fighting
 - Level 3.0 Long Blades
 + Level 3.9 Spellcasting
 * Level 5.6 Fire Magic


You had 9 spell levels left.
You knew the following spells:

 Your Spells              Type           Power      Damage    Failure   Level
a - Scorch                Fire           50%        2d7       1%          2

Your spell library contained the following spells:

 Spells                   Type           Power      Damage    Failure   Level


Dungeon Overview and Level Annotations

Branches:
Dungeon (3/15)

Altars:


Message History

The gnoll is severely wounded.
The foxfire hits the gnoll.
You kill the gnoll!
Your foxfire dissipates! x3
Your foxfire dissipates! x9
An orc comes into view. It is wielding a +0 short sword.
You regained 12 hp, and now have 21/31 hp.
MP restored: 12
Things that are here:
a +0 flail; a gnoll corpse The orc shouts!
Flames lash the orc.
The orc is heavily wounded.
The orc's fire resistance burns away.
The orc hits you with a +0 short sword.
You take 2 damage, and have 19/31 hp.
You now have 10/12 mp.
Flames lash the orc.
The orc is burned terribly!
You kill the orc!
You now have 8/12 mp.
You can't see any susceptible monsters within range! (Use Z to cast anyway.)
You can't see any susceptible monsters within range! (Use Z to cast anyway.)
You can't see any susceptible monsters within range! (Use Z to cast anyway.) Key pressed, stopping explore.
Key pressed, stopping explore.
HP restored.
Things that are here:
a +0 short sword; a +0 leather armour; Health restored: 31; MP restored: 12
q - 2 black potions (gained 1)
A worm comes into view.
A worm is nearby!
A worm is nearby!
A worm is nearby!
A worm is nearby!
You can't see any susceptible monsters within range! (Use Z to cast anyway.)
You can't see any susceptible monsters within range! (Use Z to cast anyway.)
You can't see any susceptible monsters within range! (Use Z to cast anyway.)
You can't see any susceptible monsters within range! (Use Z to cast anyway.) Flames lash the worm.
The worm is moderately wounded.
The worm's fire resistance burns away.
You hear a shout! x2
You now have 10/12 mp.
Flames lash the worm.
The worm is burned terribly!
The worm is severely wounded.
You now have 8/12 mp.
Flames lash the worm.
The worm is burned terribly!
You kill the worm!
An orc comes into view. It is wielding a +0 flail.
You now have 6/12 mp.
Flames lash the orc.
You kill the orc!
You now have 4/12 mp.
You can't see any susceptible monsters within range! (Use Z to cast anyway.)
An orc wizard comes into view. It is wielding a +0 dagger.
An orc wizard is nearby!
Flames lash the orc wizard.
The orc wizard is lightly wounded.
The orc wizard's fire resistance burns away.
The orc wizard points at you and mumbles some strange words.
You resist with some effort.
An orc priest comes into view. It is wielding a +0 hand axe.
There are monsters nearby!
You now have 2/12 mp.
Flames lash the orc priest.
The orc priest is almost dead.
The orc priest's fire resistance burns away.
The orc priest casts a cantrip, but nothing happens.
You now have 0/12 mp.
You are too depleted to draw on your mana recklessly!
You are too depleted to draw on your mana recklessly!
There are monsters nearby!
You are too depleted to draw on your mana recklessly!
You are too depleted to draw on your mana recklessly!
You are too depleted to draw on your mana recklessly!
You are too depleted to draw on your mana recklessly!
You are too depleted to draw on your mana recklessly!
You barely miss the orc wizard.
The orc wizard is lightly wounded.
The orc wizard gestures at you while chanting.
The puff of flame hits you. You resist.
You take 3 damage, and have 28/31 hp.
You hit the orc wizard. You burn the orc wizard.
The orc wizard is moderately wounded.
The orc wizard is no longer more vulnerable to fire.
The orc wizard hits you but does no damage.
The orc priest invokes the aid of Beogh against you.
Beogh smites you!
You take 15 damage, and have 13/31 hp.
MASSIVE DAMAGE!!
You closely miss the orc wizard.
The orc wizard is moderately wounded.
The orc wizard hits you with a +0 dagger.
You take 3 damage, and have 10/31 hp.
The orc wizard casts a spell.
The orc wizard flickers and vanishes!
Deactivating autopickup; reactivate with Ctrl-A.
Flames leap up around you!
The foxfire hits something.
Your foxfire dissipates!
The orc priest is no longer more vulnerable to fire.
The orc priest mumbles some strange prayers to Beogh against you.
Beogh smites you!
You die...

..............#.#
................#
...............##
...............##
................#
..............#.##
..............#..#
..............##v#
#####.##########@#
#.# #.# #.# #.#
#.# #o# ##### ..)
..... #.#.. #####
#. ... #. .#+# #.
..


You could see an orc priest.

Vanquished Creatures
  7 gnolls
  3 adders
  2 worms
  A dart slug (D:2)
  2 orcs (D:3)
  13 ball pythons
  3 endoplasms
  7 giant cockroaches
  6 hobgoblins
  3 jackals (D:1)
  3 quokkas
  6 bats
  6 frilled lizards
  2 goblins
  2 kobolds
  6 rats
72 creatures vanquished.

Vanquished Creatures (others)
  17 foxfires (D:3)
17 creatures vanquished.

Grand Total: 89 creatures vanquished

Notes
Turn   | Place    | Note
-------+----------+-------------------------------------------
     0 | D:1      | SkeletonJelly the Deep Elf Cinder Acolyte began the quest
                  | for the Orb.
     0 | D:1      | Reached XP level 1. HP: 13/13 MP: 5/5
   344 | D:1      | Reached XP level 2. HP: 12/18 MP: 6/6
   491 | D:1      | Learned a level 2 spell: Scorch
   843 | D:1      | Reached skill level 4 in Fire Magic
  1011 | D:1      | Reached XP level 3. HP: 22/22 MP: 5/8
  1730 | D:2      | Reached XP level 4. HP: 27/27 MP: 8/10
  2345 | D:2      | Reached skill level 5 in Fire Magic
  3051 | D:3      | Reached XP level 5. HP: 8/31 MP: 1/12
  3329 | D:3      | Killed from afar by an orc priest

Illustrated notes

Levels and vault maps discovered:
D:1:      ebering_hopf_link, layout_rooms
D:2:      layout_basic
D:3:      layout_basic

Skill      XL: |  1  2  3  4 |
---------------+-------------+-----
Long Blades    | 3 |  3.0
Spellcasting   | 2 3 |  3.9
Fire Magic     | 4 5 |  5.6
Fighting       | |  2.4

Action                   |  1- 3 |  4- 6 || total
-------------------------+-------+-------++-------
Melee: Falchion          |    71 |     7 ||    78
 Cast: Scorch            |    22 |    46 ||    68
Invok: Foxfire Swarm     |       |     2 ||     2
 Stab: Sleeping          |     1 |       ||     1
Armor: Robe              |    24 |     6 ||    30
Dodge: Dodged            |    62 |    12 ||    74

Table legend: (Time is in decaauts)
 A = Elapsed time spent in this place.
 B = Non-inter-level travel time spent in this place.
 C = Inter-level travel time spent in this place.
 D = Time resting spent in this place.
 E = Time spent auto-exploring this place.
 F = Levels seen in this place.
 G = Mean time per level.
                   A        B        C        D        E       F      G
               +--------+--------+--------+--------+--------+-----+--------+
         Total |   3340 |   3315 |     25 |      0 |   2891 |   3 | 1113.3 |
       Dungeon |   3340 |   3315 |     25 |      0 |   2891 |   3 | 1113.3 |
               +--------+--------+--------+--------+--------+-----+--------+

Top non-repeatable levels by time:
     D:2: 1374 daAuts
     D:1: 1198 daAuts
     D:3: 767 daAuts
